[Event "Late-Titled-Tuesday-Blitz-February-20-2024"]
[Site "Chess.com"]
[Date "2024.02.20"]
[Round "5"]
[White "Shankland"]
[Black "lucasran"]
[Result "1-0"]
[WhiteElo "2943"]
[BlackElo "2641"]
[TimeControl "180+1"]
[EndTime "14:55:57 PST"]
[Termination "Shankland won on time"]

1. Nf3 Nf6 2. g3 b6 3. Bg2 Bb7 4. O-O g6 5. d3 d5 6. Nc3 Bg7 7.
e4 dxe4 8. dxe4 Qxd1 9. Rxd1 Nfd7 10. Bf4 e5 11. Be3 Na6 12. a3 c6 13. Nd2 O-O-O 14.
Nc4 Kc7 15. Nd6 Rhf8 16. Rd2 Ndc5 17. Rad1 Ne6 18. Nxb7 Rxd2 19. Rxd2 Kxb7 20. Rd7+ Nac7 21. Bh3 Kb8 22. Ne2 Bf6 23. f4 exf4 24. gxf4 Bxb2 25. f5 Nc5 26. Rd6 Nxe4 27. Rxc6 Nd5 28. Bh6 Rd8 29. a4 Be5 30. Rc4 Nef6 31. Bg5 Re8 32. Bg2 Ne7 33. fxg6 hxg6 34. Nd4 Bxd4+ 35. Rxd4 Nh5 36. Rd7 f6 37. Be3 Nf5 38. Bf2 Nf4 39. Rb7+ Kc8 40. Rxa7 Nxg2 41. Ra8+ Kd7 42. Rxe8 Kxe8 43. Kxg2 Kd7 44. Bxb6 Kc6 45. Bf2 Ne7 46. c4 Nf5 47. Kf3 Nd6 48. Bd4 f5 49.
Kf4 Ne4 50. a5 Kd7 51. a6 Kc6 52. h4 Kc7 53. c5 Kc6 54. a7 Kb7 55. c6+ Ka8 56.
c7 Nd6 57. Kg5 Kb7 58. Kxg6 Nc8 59. h5 Kxc7 60. a8=Q 1-0

[Event "Late-Titled-Tuesday-Blitz-February-20-2024"]
[Site "Chess.com"]
[Date "2024.02.20"]
[Round "5"]
[White "nindjaxx8"]
[Black "cthulhuuu"]
[Result "0-1"]
[WhiteElo "2620"]
[BlackElo "2433"]
[TimeControl "180+1"]
[EndTime "14:55:58 PST"]
[Termination "cthulhuuu won on time"]

1. d4 Nf6 2. c4 e5 3. dxe5 Ng4 4.
Bf4 Nc6 5. Nf3 Bb4+ 6. Nc3 Bxc3+ 7. bxc3 Qe7 8. Qd5 f6 9. exf6 Nxf6 10. Qd3 d6 11. e3 O-O 12. Be2 Ne5 13. Bxe5 dxe5 14. Qc2 c5 15. O-O e4 16. Nd2 Qe5 17. h3 Bf5 18.
Rfd1 g5 19. Nf1 g4 20. hxg4 Bxg4 21. Ng3 Bxe2 22. Qxe2 h5 23. Rab1 b6 24. Rd2 Rad8 25. Rbd1 Rxd2 26. Rxd2 Kh8 27. f3 Qxg3 28. Rd1 Rg8 29. fxe4 Ng4 30. Qf3 Qxf3 31. gxf3 Nxe3+ 32. Kf2 Nxd1+ 33. Ke2 Nxc3+ 34. Ke3 Nxa2 35. Kf4 Nb4 36.
Kf5 a5 37. Kf6 a4 38. e5 a3 39. f4 a2 40. f5 a1=Q 41. Ke6 Nd3 42. Kd6 Qxe5+ 43.
Kc6 Rc8+ 44. Kb5 Qe8+ 45. Kxb6 Qc6+ 0-1

[Event "Late-Titled-Tuesday-Blitz-February-20-2024"]
[Site "Chess.com"]
[Date "2024.02.20"]
[Round "5"]
[White "Thjop"]
[Black "Fandorine"]
[Result "1-0"]
[WhiteElo "2613"]
[BlackElo "2916"]
[TimeControl "180+1"]
[EndTime "14:55:59 PST"]
[Termination "Thjop won by resignation"]

1. e4 e5 2. Nf3 Nc6 3. Bb5 a6 4.
Ba4 Nf6 5. O-O Be7 6. d3 d6 7. a3 O-O 8. Nc3 Bg4 9. Be3 Nd4 10.
Bxd4 exd4 11. Nb1 c5 12. Nbd2 b5 13. Bb3 Nd7 14. h3 Bh5 15. g4 Bg6 16. Ne1 Kh8 17. f4 f6 18. Ng2 Be8 19. f5 g5 20. fxg6 Bxg6 21. Nf4 Qb6 22. Nd5 Qd8 23. Nf4 Qe8 24.
Nf3 Ne5 25. Bd5 Rc8 26. Be6 Rb8 27. Bd5 Bf7 28. Bxf7 Rxf7 29. Nxe5 fxe5 30. Nd5 Bg5 31. Kg2 Qe6 32. Qe2 Rbf8 33. Rxf7 Rxf7 34. Rf1 Bf4 35.
Qf2 Kg7 36. Qh4 Bc1 37. Rxc1 c4 38. Qg5+ Qg6 39. Qxg6+ hxg6 40. Rf1 Rb7 41. g5 a5 42.
Rf6 a4 43. Rxd6 b4 44. Nxb4 c3 45. bxc3 dxc3 46. Rc6 Rf7 47. Rxc3 1-0

[Event "Late-Titled-Tuesday-Blitz-February-20-2024"]
[Site "Chess.com"]
[Date "2024.02.20"]
[Round "5"]
[White "martinmena"]
[Black "gmtalentoso"]
[Result "1-0"]
[WhiteElo "2206"]
[BlackElo "2462"]
[TimeControl "180+1"]
[EndTime "14:55:59 PST"]
[Termination "martinmena won by resignation"]

1. c4 e5 2. g3 Nf6 3. Bg2 d5 4. cxd5 Nxd5 5. Nf3 Nc6 6. Nc3 Nb6 7. O-O Be7 8. d3 O-O 9. a3 f6 10. b4 a5 11. b5 Nd4 12. Nxd4 exd4 13. Na4 Nd5 14. Bb2 Be6 15. Bxd4 Qd7 16. Bc5 Kh8 17. Bxe7 Qxe7 18. e4 Nb6 19. Nxb6 cxb6 20. Qa4 Rfd8 21.
d4 Rac8 22. Rac1 Bg4 23. Rfe1 Qd7 24. f3 Bh5 25. d5 Qd6 26. Qb3 Rc5 27. Rc4 Be8 28.
a4 Rdc8 29. Rec1 h5 30. Rxc5 Rxc5 31. Rc4 Qc7 32. Bf1 h4 33. Kg2 hxg3 34. hxg3 Qe5 35.
Rxc5 bxc5 36. Qc4 b6 37. Qc2 Qd4 38. Bc4 Bd7 39. Be2 Qe3 40. Qd3 Qc1 41. f4 Kg8 42. e5 fxe5 43. fxe5 Qg5 44. e6 Be8 45. d6 c4 46. Qxc4 Qe5 47. d7 1-0

[Event "Late-Titled-Tuesday-Blitz-February-20-2024"]
[Site "Chess.com"]
[Date "2024.02.20"]
[Round "5"]
[White "igorknyazev"]
[Black "cukricek"]
[Result "0-1"]
[WhiteElo "2204"]
[BlackElo "2456"]
[TimeControl "180+1"]
[EndTime "14:56:00 PST"]
[Termination "cukricek won by checkmate"]

1. e4 c5 2. f4 d5 3. exd5 Nf6 4. Nf3 Nxd5 5. d3 Nc6 6. Be2 Bg4 7. h3 Bxf3 8. Bxf3 e6 9. O-O Be7 10. Nc3 O-O 11. Ne4 Rc8 12. a3 Nd4 13. c4 Nc7 14. b4 cxb4 15. axb4 a6 16. Rb1 b5 17.
Be3 Bf6 18. Nxf6+ Qxf6 19. Bb7 Rb8 20. Be4 Rfd8 21. Qh5 g6 22. Qc5 Nc2 23. Qxc7 Nxe3 24. Rf3 Qd4 25. Qc5 Nc2+ 26. Qxd4 Nxd4 27. Rf2 f5 28. Bf3 Nxf3+ 29. Rxf3 Rd4 30. c5 Kf7 31. Kf2 Rbd8 32. Ke2 Rc8 33. g3 Kf6 34. Re3 a5 35. bxa5 Rxc5 36. Rxb5 Rxb5 37. Kd2 Rxa5 38. Kc3 Rda4 39.
d4 Ra3+ 40. Kb4 Rxe3 41. Kxa5 Rb3 42. Ka4 Rb8 43. d5 exd5 44. g4 Ke6 45. g5 Kd6 46. h4 Kc5 47. Ka3 Kc4 48. Ka2 Kc3 49. h5 Rb7 50. hxg6 hxg6 51. Ka1 Kc2 52. Ka2 Ra7# 0-1

[Event "Late-Titled-Tuesday-Blitz-February-20-2024"]
[Site "Chess.com"]
[Date "2024.02.20"]
[Round "5"]
[White "GnowReopard"]
[Black "GMBenjaminBok"]
[Result "1/2-1/2"]
[WhiteElo "2827"]
[BlackElo "3003"]
[TimeControl "180+1"]
[EndTime "14:56:01 PST"]
[Termination "Game drawn by repetition"]

1. e4 c5 2. Ne2 Nf6 3. Nbc3 d6 4. d4 cxd4 5. Nxd4 a6 6. Bg5 Nbd7 7. Bc4 Qb6 8. Bb3 e6 9. Bxf6 Nxf6 10. f4 Nd7 11.
Qd2 Nc5 12. O-O-O Be7 13. g4 Bd7 14. f5 h6 15. Kb1 Bg5 16. Qe2 O-O-O 17. Nf3 Bf6 18.
e5 dxe5 19. Nxe5 Bxe5 20. Qxe5 Bc6 21. Rhe1 Nxb3 22. axb3 Qf2 23. fxe6 fxe6 24. Qxg7 Qxh2 25. Qf6 Rxd1+ 26. Rxd1 Re8 27. Qf7 Kb8 28. Qh7 Ka7 29. g5 h5 30. g6 h4 31. g7 Qg3 32. Ne2 Qg4 33. Rg1 Qxe2 34. g8=Q Rxg8 35. Qxg8 h3 36. Qh8 h2 37. Qd4+ b6 38. Rg7+ Bb7 39. Rxb7+ Kxb7 40. Qd7+ Kb8 41. Qd8+ Kb7 42. Qd7+ Kb8 43. Qd8+ Kb7 44. Qd7+ 1/2-1/2

[Event "Late-Titled-Tuesday-Blitz-February-20-2024"]
[Site "Chess.com"]
[Date "2024.02.20"]
[Round "5"]
[White "RantomOpening"]
[Black "Alex_Sahakyan2006"]
[Result "1-0"]
[WhiteElo "2585"]
[BlackElo "2822"]
[TimeControl "180+1"]
[EndTime "14:56:01 PST"]
[Termination "RantomOpening won by resignation"]

1. c4 c5 2. Nf3 g6 3. e4 Bg7 4.
d4 cxd4 5. Nxd4 Nc6 6. Be3 Qb6 7. Nb3 Qc7 8. Nd4 Qe5 9. Nxc6 bxc6 10. Nc3 Rb8 11.
Rc1 Rxb2 12. Bd3 Qa5 13. Bd2 Qc7 14. O-O Nf6 15. Na4 Rxa2 16. Bb1 Ng4 17. g3 Rxd2 18. Qxd2 O-O 19. h3 Ne5 20. Kg2 d6 21. f4 Nd7 22.
Bd3 Bb7 23. Be2 c5 24. Bf3 Bd4 25. Nc3 a6 26. Ne2 Bg7 27. Nc3 e6 28. h4 Bd4 29.
h5 Nf6 30. Qd3 e5 31. Rh1 Kg7 32. f5 g5 33. Qd2 Kh8 34. Qxg5 Ng8 35. h6 f6 36.
Qg7+ Qxg7 37. hxg7+ Kxg7 38. Nd5 Bxd5 39. cxd5 Rb8 40.
Rb1 Rb2+ 41. Rxb2 Bxb2 42. Rb1 Bd4 43. Rb7+ Kh6 44. Ra7 c4 45. Rxa6 c3 46. Rxd6 Ne7 47.
Bd1 Kg5 48. Re6 Ng8 49. d6 Bb6 50. d7 h5 51. Rxb6 1-0

[Event "Late-Titled-Tuesday-Blitz-February-20-2024"]
[Site "Chess.com"]
[Date "2024.02.20"]
[Round "5"]
[White "CarlosjPineror"]
[Black "Sanan_Sjugirov"]
[Result "0-1"]
[WhiteElo "2568"]
[BlackElo "2870"]
[TimeControl "180+1"]
[EndTime "14:56:02 PST"]
[Termination "Sanan_Sjugirov won by resignation"]

1. e4 c5 2. Nf3 Nc6 3. g3 d6 4.
Bg2 Nf6 5. Qe2 e5 6. c3 Be7 7.
O-O O-O 8. d4 cxd4 9. cxd4 exd4 10. Rd1 Re8 11. Nxd4 Bg4 12. f3 Nxd4 13. Rxd4 Be6 14. Be3 d5 15. e5 Nd7 16. f4 Bc5 17. Rd2 Qb6 18. Bxc5 Nxc5 19. Qf2 d4 20. Na3 Rad8 21.
h3 d3 22. Kh2 Bd5 23. Bxd5 Rxd5 24. Rad1 Red8 25. Qf3 Qb4 26. h4 h6 27. h5 Qe4 28.
Qxe4 Nxe4 29. Rg2 b5 30. Nb1 f6 31. exf6 Rxh5+ 32. Kg1 Nxf6 33. Nd2 Ng4 34. Nf1 Rhd5 35. Rgd2 Kf7 36. Kg2 h5 37. Kf3 Kf6 38. Rc1 R8d6 39. Rc7 a6 40. b4 g5 41. Rc3 gxf4 42. gxf4 Kg6 43. Ng3 Nf6 44. a3 h4 45. Nf1 Rd4 46.
Ne3 h3 47. Rc1 Ne4 48. Rg1+ Kf6 49. Rh2 Rd8 50. Rxh3 Nd2+ 51. Kg2 Rxf4 52. Rd1 Ne4 53. Rh6+ Ke5 54. Rh5+ Kd4 55. Nf5+ Kc3 56. Ne3 Rg8+ 57.
Kh2 Rf2+ 58. Kh1 Ng3+ 0-1

[Event "Late-Titled-Tuesday-Blitz-February-20-2024"]
[Site "Chess.com"]
[Date "2024.02.20"]
[Round "5"]
[White "penguingm1"]
[Black "DonJuan_34"]
[Result "0-1"]
[WhiteElo "2819"]
[BlackElo "2483"]
[TimeControl "180+1"]
[EndTime "14:56:02 PST"]
[Termination "DonJuan_34 won by resignation"]

1. f4 Nf6 2. Nf3 g6 3. b3 Bg7 4. Bb2 O-O 5. c4 d6 6. e3 Nbd7 7. Nc3 c6 8. Bd3 e5 9. O-O exf4 10. exf4 d5 11. Bc2 dxc4 12. Ba3 Re8 13. bxc4 Nb6 14.
Bb3 Be6 15. d3 Ng4 16. Qd2 Nxc4 17. Bxc4 Bxc4 18. Rad1 Be6 19. d4 Bd5 20. Ne5 Nxe5 21. fxe5 f6 22. Nxd5 cxd5 23. Bd6 fxe5 24. dxe5 Qb6+ 25.
Kh1 d4 26. Qf4 Rad8 27. Qf7+ Kh8 28. Be7 Rc8 29. Bf6 Bxf6 30. exf6 Qc7 31. Qd5 Rcd8 32. f7 Rf8 33. Qe6 Qd6 34. Qe4 Rd7 35. Qe8 Kg7 36.
Qa8 a6 37. Qa7 Rdxf7 38. Rxf7+ Rxf7 39. h3 Rd7 40. Qa8 d3 41. Qe8 Re7 42. Qa4 d2 43.
Qc2 Re1+ 0-1

[Event "Late-Titled-Tuesday-Blitz-February-20-2024"]
[Site "Chess.com"]
[Date "2024.02.20"]
[Round "5"]
[White "GoltsevDmitry2000"]
[Black "Atousa"]
[Result "1-0"]
[WhiteElo "2771"]
[BlackElo "2463"]
[TimeControl "180+1"]
[EndTime "14:56:05 PST"]
[Termination "GoltsevDmitry2000 won by resignation"]

1. e4 c5 2. Nf3 e6 3. b3 a6 4. Bb2 Nc6 5. d4 cxd4 6. Nxd4 Nf6 7. Nd2 d6 8. Be2 Be7 9. O-O O-O 10. Re1 Qc7 11. Rc1 Nxd4 12. Bxd4 e5 13. Be3 d5 14. c3 Ba3 15. Rc2 dxe4 16. b4 a5 17. Bc5 Rd8 18. Qb1 b6 19. Be3 Nd5 20. Nc4 axb4 21. cxb4 Nxe3 22. Nxe3 Qe7 23. Rc4 Be6 24. Rxe4 Bxa2 25.
Qxa2 Bxb4 26. Qb1 Bxe1 27. Qxe1 Qc5 28. h3 Rd4 29. Bf3 Rad8 30. Qb1 b5 31. Kh2 b4 32.
Qb3 g6 33. Qb1 f5 34. Rxd4 exd4 35. Nd5 Kg7 36. Qb3 Qd6+ 37. g3 Qc5 38. Nf4 d3 39. Ne6+ Kh6 40. Nxc5 d2 41. Bd1 Rd4 42. Ne6 f4 43. Nxd4 fxg3+ 44. fxg3 Kg7 45. Ne6+ Kf6 46.
Qd5 g5 47. Nd4 g4 48. Qf5+ Ke7 49. Qe6+ Kd8 50. Qf7 1-0

[Event "Late-Titled-Tuesday-Blitz-February-20-2024"]
[Site "Chess.com"]
[Date "2024.02.20"]
[Round "5"]
[White "adiosabu"]
[Black "Kopytkin"]
[Result "1-0"]
[WhiteElo "2567"]
[BlackElo "2394"]
[TimeControl "180+1"]
[EndTime "14:56:05 PST"]
[Termination "adiosabu won on time"]

1. e4 Nf6 2. e5 Nd5 3. d4 d6 4. c4 Nb6 5. exd6 cxd6 6. Be3 g6 7. Nc3 Bg7 8. Rc1 O-O 9. b3 Bf5 10. Be2 d5 11. c5 Nc8 12. f4 Nc6 13. Nf3 Bg4 14.
Ne5 Bxe2 15. Qxe2 f6 16. Nxc6 bxc6 17. f5 gxf5 18. O-O e6 19. Rf3 Qe8 20. Rcf1 Ne7 21. Bf4 Ng6 22. Bd6 Rf7 23. Re3 e5 24. Rxf5 e4 25.
Rh3 Ne7 26. Bxe7 Rxe7 27. Nd1 e3 28. Rxe3 Rxe3 29. Qxe3 Qxe3+ 30. Nxe3 Re8 31. Kf2 Re4 32. Nc2 Kf7 33. Rf3 Kg6 34. Rg3+ Kf7 35. Ne3 Bh6 36.
Nf5 Bf4 37. Rg7+ Ke6 38. g4 Be3+ 39. Kf3 Rf4+ 40. Kxe3 Rxf5 41. gxf5+ Kxf5 42. Rc7 h5 43. Rxc6 a5 44. Rd6 a4 45. Rxd5+ Kg4 46. c6 f5 47. c7 f4+ 48. Ke4 a3 49. c8=Q+ 1-0

[Event "Late-Titled-Tuesday-Blitz-February-20-2024"]
[Site "Chess.com"]
[Date "2024.02.20"]
[Round "5"]
[White "viniciusrego"]
[Black "Mikhail_Golubev"]
[Result "0-1"]
[WhiteElo "2407"]
[BlackElo "2612"]
[TimeControl "180+1"]
[EndTime "14:56:07 PST"]
[Termination "Mikhail_Golubev won by resignation"]

1. Nf3 d6 2. d4 Nf6 3. c4 g6 4. Nc3 Bg7 5. e4 O-O 6. Be2 e5 7. d5 Qe8 8. Bg5 Nh5 9. Nd2 Nf4 10. Bf1 h6 11. Bh4 a5 12. Nb5 Na6 13. a3 f5 14. b4 axb4 15. axb4 fxe4 16. Rxa6 Rxa6 17. Nxc7 Qf7 18. Nxa6 bxa6 19. Nxe4 g5 20. Bg3 Qg6 21. f3 Bf5 22. Bxf4 exf4 23. Bd3 Bd4 24. Bc2 Be3 25. h3 Rb8 26. Qb1 Qg7 27. Ke2 Bxe4 28. Bxe4 Qc3 29. Qc2 Qxc2+ 30. Bxc2 Rxb4 31. Kd3 Kg7 32. Ra1 Rb6 33.
Ra2 Kf6 34. Ke4 Rb4 35. Bd3 Rb8 36. Bf1 Re8+ 37. Kd3 Bc5 38. Rxa6 Re3+ 39. Kc2 Re1 40. Bd3 Rg1 41. Ra8 Rxg2+ 42. Kc3 Rh2 43. Rf8+ Ke7 44. Rh8 Rxh3 45. Be4 Kf6 46. Kd3 Kg7 47. Rh7+ Kg8 48. Rc7 g4 49. Rxc5 dxc5 50. d6 Kf8 51. Ke2 g3 0-1

[Event "Late-Titled-Tuesday-Blitz-February-20-2024"]
[Site "Chess.com"]
[Date "2024.02.20"]
[Round "5"]
[White "ChessFanNM"]
[Black "Marianov_Podstavnikov"]
[Result "1-0"]
[WhiteElo "2345"]
[BlackElo "2516"]
[TimeControl "180+1"]
[EndTime "14:56:07 PST"]
[Termination "ChessFanNM won by resignation"]

1. Nf3 Nf6 2. c4 e6 3. b3 d5 4.
Bb2 Be7 5. e3 O-O 6. d4 b6 7.
Bd3 Bb7 8. O-O dxc4 9. bxc4 c5 10. Qe2 Nc6 11. Nbd2 Rc8 12. Rad1 Bd6 13. Ne4 Nxe4 14. Bxe4 Qe7 15. h4 h6 16. d5 exd5 17. Bxd5 Na5 18. e4 Rfe8 19. Rfe1 Bb8 20. e5 Rcd8 21. Qe4 Bc8 22. e6 Bxe6 23. Bxe6 Rxd1 24. Rxd1 Qxe6 25. Qxe6 fxe6 26. Rd7 e5 27. Bc3 Nxc4 28. h5 b5 29. Nh4 b4 30. Ba1 Nb6 31. Rb7 c4 32. Nf5 c3 33. Rxg7+ Kf8 34. Rh7 Nc4 35. Nxh6 Re6 36.
Rh8+ Kg7 37. Rxb8 Kxh6 38. Rxb4 Rc6 39. Bxc3 Kxh5 40. Rb5 Kg4 41. Bxe5 Nxe5 42. Rxe5 Rc2 43. Ra5 1-0

[Event "Late-Titled-Tuesday-Blitz-February-20-2024"]
[Site "Chess.com"]
[Date "2024.02.20"]
[Round "5"]
[White "dolynachess"]
[Black "SocoLoco"]
[Result "1-0"]
[WhiteElo "2447"]
[BlackElo "2202"]
[TimeControl "180+1"]
[EndTime "14:56:08 PST"]
[Termination "dolynachess won on time"]

1. d4 d5 2. c4 Nc6 3. Nf3 Bg4 4. Nbd2 e6 5. a3 Nf6 6. h3 Bh5 7. e3 Be7 8. Be2 O-O 9. O-O Re8 10. b4 Ne4 11. Nxe4 dxe4 12. Nd2 Bxe2 13. Qxe2 f5 14. Bb2 Bf6 15. b5 Ne7 16. a4 a6 17. f3 exf3 18.
Qxf3 c6 19. bxc6 bxc6 20. Ba3 e5 21. Bxe7 Rxe7 22. Qxf5 exd4 23. Ne4 dxe3 24. Nxf6+ gxf6 25. Qxf6 Rg7 26. Qxc6 Rc8 27. Qe4 Qe8 28. Qxe8+ Rxe8 29. Rae1 Rc7 30. Rf3 Rxc4 31. Rfxe3 Rxe3 32. Rxe3 Rxa4 33. Re7 Ra2 34. Ra7 a5 35. Kh2 a4 36. Kg3 a3 37.
Kf3 Ra1 38. Kg4 a2 39. Kg5 Kf8 40. Kh6 Ke8 41. Kxh7 Kd8 42. Kg6 Kc8 43. Kg5 Kb8 44.
Ra3 Kc7 45. h4 Kd6 46. h5 Kc5 47. h6 Kb4 48. Ra8 Kb3 49. g4 1-0

[Event "Late-Titled-Tuesday-Blitz-February-20-2024"]
[Site "Chess.com"]
[Date "2024.02.20"]
[Round "5"]
[White "janhelmer03"]
[Black "DeArron_Fox"]
[Result "1/2-1/2"]
[WhiteElo "2286"]
[BlackElo "2512"]
[TimeControl "180+1"]
[EndTime "14:56:12 PST"]
[Termination "Game drawn by stalemate"]

1. d4 d5 2. c4 e6 3. Nf3 Nf6 4. g3 Bb4+ 5. Bd2 Be7 6. Bg2 O-O 7. O-O c6 8. Bc3 b6 9. Nbd2 Ba6 10. b3 Nbd7 11. Qc2 c5 12. Rad1 Rc8 13. Qb2 cxd4 14.
Nxd4 e5 15. Nf5 d4 16. Nxd4 exd4 17. Bxd4 Qc7 18. e4 Bc5 19. Bc3 Bb7 20. h3 Qxg3 21. b4 Nxe4 22. bxc5 Qxc3 23. Qxc3 Nxc3 24. Bxb7 Rc7 25. Rde1 Nxc5 26. Bf3 g6 27. a3 Rd8 28. Nb1 Nxb1 29. Rxb1 Rd3 30. Bd5 Rxa3 31. Ra1 Rxa1 32. Rxa1 a5 33. Rb1 a4 34. Rxb6 a3 35. Rb8+ Kg7 36.
Ra8 Nd3 37. Rxa3 Nf4 38. Kh2 Nxd5 39. cxd5 Rd7 40. Rd3 Kf6 41. Kg3 Ke5 42. Kg4 Rxd5 43. Rxd5+ Kxd5 44. Kg5 Ke4 45. Kf6 Kf3 46. Kxf7 Kxf2 47.
Kg7 h5 48. Kxg6 h4 49. Kf5 Kf3 50. Ke5 Ke3 51. Kf5 Kf3 52. Ke5 Kg2 53. Kf4 Kxh3 54.
Kf3 Kh2 55. Kf2 Kh1 56. Kf1 h3 57. Kf2 Kh2 58. Kf1 Kg3 59. Kg1 h2+ 60. Kh1 Kh3 1/2-1/2

[Event "Late-Titled-Tuesday-Blitz-February-20-2024"]
[Site "Chess.com"]
[Date "2024.02.20"]
[Round "5"]
[White "GothamChess"]
[Black "KetiTsatsalashvili"]
[Result "1-0"]
[WhiteElo "2695"]
[BlackElo "2442"]
[TimeControl "180+1"]
[EndTime "14:56:13 PST"]
[Termination "GothamChess won on time"]

1. e4 c5 2. a3 d6 3. Nc3 Nf6 4. Bc4 g6 5. d3 Bg7 6. h4 h5 7.
Bg5 O-O 8. Ba2 Nc6 9. Nge2 Nh7 10. Bd2 Nd4 11. Nxd4 cxd4 12. Ne2 Bd7 13. Nf4 e6 14. g4 e5 15. Nxg6 Bxg4 16. f3 Be6 17.
Bxe6 fxe6 18. f4 Rf6 19. Qxh5 exf4 20. Nxf4 Qc7 21. Rg1 Qf7 22. O-O-O Rxf4 23. Qb5 Rf6 24. h5 Kh8 25. Kb1 Bh6 26. Bb4 Rg8 27. Bxd6 Bf4 28. Bc5 e5 29. Bxa7 Qxh5 30. Rxg8+ Kxg8 31. Rg1+ Kh8 32. Bb8 Qf7 33. Bxe5 Bxe5 34. Qxe5 Qf8 35. Qxd4 Qf7 36. Qe5 Qf8 37. d4 Qf7 38. d5 Qf8 39. c4 Qd6 40. Qe8+ Qf8 41. Qe5 b6 42. Qd4 Qf7 43. Ka2 Qf8 44. e5 Rf4 45. Qc3 Rf3 46. Qc2 Rf2 47. Qg6 Rxb2+ 48. Kxb2 Qf2+ 49. Kb1 1-0

[Event "Late-Titled-Tuesday-Blitz-February-20-2024"]
[Site "Chess.com"]
[Date "2024.02.20"]
[Round "5"]
[White "TemploVillamarin"]
[Black "Cristi_Coca"]
[Result "1-0"]
[WhiteElo "2215"]
[BlackElo "2375"]
[TimeControl "180+1"]
[EndTime "14:56:14 PST"]
[Termination "TemploVillamarin won on time"]

1. d4 Nf6 2. Nc3 g6 3. e4 d6 4. Bg5 Bg7 5. e5 Nfd7 6. exd6 cxd6 7. Qd2 O-O 8. O-O-O Nc6 9. Nf3 Qa5 10. Kb1 Re8 11.
h4 Nf6 12. Bc4 Bg4 13. Rde1 Qb4 14. Qd3 Bf5 15. Qe2 e6 16. Bb3 Rac8 17. Qb5 a6 18.
Qxb4 Nxb4 19. a3 Nc6 20. d5 e5 21. dxc6 Rxc6 22. Rd1 Rec8 23. Bxf6 Bxf6 24. Nd5 Bd8 25. Ne3 Be4 26. Nd2 Bf5 27. Bd5 Rc5 28. Be4 Be6 29. Nb3 R5c7 30. Nd5 Bxd5 31. Bxd5 Be7 32. Be4 Kg7 33. Rd2 f5 34. Bd5 h5 35. g3 b6 36.
Rhd1 a5 37. Nc1 Rc5 38. Ne2 Kf6 39. Nc3 Bf8 40. Na4 Rb5 41. c4 Rb3 42. Ka2 Rb4 43.
axb4 axb4 44. Nxb6 Rc5 45. Nd7+ 1-0

[Event "Late-Titled-Tuesday-Blitz-February-20-2024"]
[Site "Chess.com"]
[Date "2024.02.20"]
[Round "5"]
[White "IngOscarArdila"]
[Black "ninguno46"]
[Result "0-1"]
[WhiteElo "2265"]
[BlackElo "2519"]
[TimeControl "180+1"]
[EndTime "14:56:15 PST"]
[Termination "ninguno46 won on time"]

1. d4 Nf6 2. c4 e6 3. Nc3 Bb4 4. Qc2 Nc6 5. Nf3 d6 6. Bg5 h6 7. Bxf6 Qxf6 8. e3 a5 9. a3 Bxc3+ 10. Qxc3 O-O 11. Be2 a4 12. O-O e5 13. dxe5 dxe5 14. Rfd1 Bg4 15. h3 Bf5 16. c5 Rfe8 17. Rac1 Re7 18.
Rd2 Be4 19. Rcd1 Rae8 20. Ne1 Qg6 21. Bb5 Ra8 22. f3 Bf5 23. Kh2 e4 24. f4 h5 25.
Bxc6 bxc6 26. Rd8+ Re8 27. Rxa8 Rxa8 28. g3 Qe6 29. h4 Bg6 30. Qd2 Rb8 31. Rc1 Qe7 32.
Rc4 Bf5 33. Rxa4 Be6 34. Rb4 Re8 35. Nc2 Qxc5 36. Nd4 Bg4 37. Qc3 Qe7 38. Qxc6 Rd8 39. Rc4 Rd7 40. Qc5 Qf6 41. Qg5 Qb6 42. b4 Qa6 43.
Rc3 Qf1 44. f5 Qf2+ 45. Kh1 Bf3+ 46. Nxf3 exf3 47. Qd8+ Rxd8 0-1

[Event "Late-Titled-Tuesday-Blitz-February-20-2024"]
[Site "Chess.com"]
[Date "2024.02.20"]
[Round "5"]
[White "jaskol95"]
[Black "Elsa167"]
[Result "0-1"]
[WhiteElo "2606"]
[BlackElo "2887"]
[TimeControl "180+1"]
[EndTime "14:56:16 PST"]
[Termination "Elsa167 won by checkmate"]

1. d4 Nf6 2. Nc3 e6 3. e4 d5 4. e5 Nfd7 5. Nce2 c5 6. c3 Nc6 7. f4 b5 8. Nf3 b4 9. g3 a5 10.
Bg2 Ba6 11. Be3 Be7 12. Kf2 O-O 13. Bh3 a4 14. a3 bxc3 15. bxc3 Nb6 16. f5 Nc4 17.
Bf4 Nb2 18. Qc2 Nd3+ 19. Ke3 f6 20. Qxa4 cxd4+ 21. cxd4 fxe5 22. Qxc6 exf4+ 23. gxf4 exf5 24. Rhg1 Rf6 25. Qc3 Rc8 26. Qb3 Bc4 27. Qa4 Re6+ 28. Ne5 Nxe5 29. fxe5 Bg5+ 30. Nf4 Bxf4+ 31. Kxf4 Qh4+ 32.
Kf3 Qxh3+ 33. Rg3 Qh5+ 34. Kg2 Rce8 35. Rg1 f4 36. Rxg7+ Kxg7 37. Kf2+ Rg6 38. Qxe8 Qxh2+ 39. Kf3 Qxg1 40. Qe7+ Kh8 41. Qf8+ Rg8 42. Qf6+ Qg7 43. Kxf4 Qxf6+ 44. exf6 Ra8 45. Ke5 Kg8 46. Ke6 Kf8 47. f7 Rxa3 48. Kf6 Rf3+ 49. Kg5 Rxf7 50. Kh6 Rf5 51.
Kxh7 Kf7 52. Kh6 Bd3 53. Kh7 Rh5# 0-1

[Event "Late-Titled-Tuesday-Blitz-February-20-2024"]
[Site "Chess.com"]
[Date "2024.02.20"]
[Round "5"]
[White "YurasovMat-2012"]
[Black "Durarbayli"]
[Result "0-1"]
[WhiteElo "2607"]
[BlackElo "2953"]
[TimeControl "180+1"]
[EndTime "14:56:17 PST"]
[Termination "Durarbayli won on time"]

1. e4 c5 2. Nf3 d6 3. Bb5+ Nd7 4. O-O a6 5. Bxd7+ Bxd7 6. Re1 e6 7. d4 cxd4 8. Nxd4 Qc7 9. b3 Nf6 10. c4 Be7 11.
Bb2 O-O 12. Nc3 Rfd8 13. Rc1 Rac8 14. Qe2 Qb8 15. f3 Nh5 16. Qe3 h6 17. f4 b5 18. cxb5 axb5 19. Nce2 Qa7 20. Kh1 Rxc1 21. Rxc1 Qxa2 22. Bc3 Qa8 23. Ra1 Qb7 24. e5 dxe5 25. Qxe5 Nf6 26. Ng3 Bc6 27. Nxc6 Qxc6 28. Qe1 Nd5 29. Bd2 Qc2 30. b4 Bh4 31. Rc1 Bxg3 32. hxg3 Qd3 33. Kg1 Nf6 34. Be3 Ng4 35. Bc5 Qd5 36. Ra1 Qh5 37. Kf1 Nh2+ 38. Kg1 Ng4 39. Kf1 Kh7 40. Qe4+ f5 41. Qxe6 Rd2 42. Bg1 Nf6 43.
Qe3 Ne4 44. Qf3 Qf7 45. Be3 Rd3 46. Kg1 Qb3 47. Re1 Qxb4 48. Qe2 Qc3 49. g4 b4 0-1

[Event "Late-Titled-Tuesday-Blitz-February-20-2024"]
[Site "Chess.com"]
[Date "2024.02.20"]
[Round "5"]
[White "DonJuanEGenaro"]
[Black "thesupera12"]
[Result "1-0"]
[WhiteElo "2130"]
[BlackElo "2482"]
[TimeControl "180+1"]
[EndTime "14:56:17 PST"]
[Termination "DonJuanEGenaro won by checkmate"]

1. d4 g6 2. Nf3 Bg7 3. Bf4 c5 4.
e3 cxd4 5. exd4 d6 6. h3 Qb6 7. b3 Nc6 8. c3 Nf6 9. Be2 O-O 10. Nbd2 Nd5 11. Nc4 Qc7 12. Bd2 e5 13. dxe5 dxe5 14. Qc1 e4 15. Nh2 b5 16. Ne3 Nxe3 17. Bxe3 b4 18. c4 Bc3+ 19. Kf1 Bxa1 20. Qxa1 Qe5 21. Qc1 a5 22. Ng4 Qd6 23. Qb2 f6 24. c5 Qe7 25.
Bc4+ Be6 26. Bb5 Rad8 27. g3 Rd1+ 28. Kg2 Rxh1 29. Kxh1 Bxg4 30. hxg4 Ne5 31. g5 Qe6 32. Kg2 fxg5 33. Bxg5 Nd3 34. Qd4 Qe5 35. Bc4+ Kh8 36.
Be3 Ne1+ 37. Kf1 Nf3 38. Qxe5+ Nxe5 39. Bd4 Re8 40. c6 h5 41. c7 Kh7 42. Bxe5 Rc8 43.
Be6 Rxc7 44. Bxc7 a4 45. Be5 g5 46. Ke2 Kg6 47. Ke3 axb3 48. axb3 h4 49. gxh4 gxh4 50.
Kxe4 h3 51. Bxh3 Kh5 52. Bd6 Kh4 53. Bxb4 Kh5 54. Bd6 Kg5 55. b4 Kh4 56. b5 Kg5 57.
b6 Kf6 58. b7 Kf7 59. b8=Q Kg7 60. Qf8+ Kg6 61. Bf5+ Kh5 62. Qg7 Kh4 63. Qg4# 1-0

[Event "Late-Titled-Tuesday-Blitz-February-20-2024"]
[Site "Chess.com"]
[Date "2024.02.20"]
[Round "5"]
[White "GolfBeforeChess"]
[Black "bilosuvenosu06"]
[Result "1/2-1/2"]
[WhiteElo "2299"]
[BlackElo "2499"]
[TimeControl "180+1"]
[EndTime "14:56:18 PST"]
[Termination "Game drawn - insufficient material"]

1. Nf3 d5 2. b3 Nf6 3. Bb2 Bf5 4. g3 e6 5. Bg2 Bd6 6. c4 O-O 7. O-O c6 8. d3 Nbd7 9. Nbd2 h6 10. Rc1 Bh7 11.
Rc2 Qe7 12. Qa1 Rfe8 13. Ne5 Nxe5 14. Bxe5 Bxe5 15. Qxe5 Nd7 16. Qb2 Rac8 17. b4 Qd6 18. Rfc1 a6 19. a4 Rcd8 20. b5 axb5 21. axb5 c5 22.
cxd5 exd5 23. Nf1 b6 24. Ne3 Nf6 25. Ra1 Ra8 26. Rcc1 Qe6 27. Qb3 Rxa1 28. Rxa1 Qe5 29. Ra2 Rd8 30. Bf3 Bg6 31. Ra6 Rd6 32. Ra8+ Kh7 33.
Ra7 Qe6 34. Kg2 Qe8 35. Ra2 d4 36. Nc4 Re6 37. Ra6 Qd8 38. Qa2 Bh5 39. Ra8 Qe7 40. Qa7 Qxa7 41. Rxa7 Bxf3+ 42. Kxf3 Kg6 43. Rb7 Nd5 44.
e4 Nc3 45. Rxb6 Rxb6 46. Nxb6 Nxb5 47. Nd7 c4 48. dxc4 Nd6 49. c5 Nc4 50. c6 f6 51.
Nc5 Kf7 52. Ke2 Ke7 53. Kd3 Ne5+ 54. Kxd4 Nxc6+ 55. Ke3 Kd6 56. Nd3 Ke6 57. f4 Ne7 58. Nb4 Kd6 59. Kd4 g5 60. Nd5 Nc6+ 61. Ke3 f5 62.
fxg5 hxg5 63. Nc3 Ke5 64. exf5 Kxf5 65. h4 gxh4 66. gxh4 Kg4 67. Ne4 Kxh4 1/2-1/2